 Dungeon Crawl Stone Soup version 0.27.1-33-g824d729ab1 (webtiles) character file.

Game seed: 14030874138266266972

10 zeram the Shield-Bearer (level 2, 0/18 HPs)
             Began as a Deep Elf Fighter on Dec 11, 2021.
             Slain by a kobold (5 damage)
             ... on level 1 of the Dungeon.
             The game lasted 00:01:09 (923 turns).

zeram the Shield-Bearer (Deep Elf Fighter)           Turns: 923, Time: 00:01:09

Health: 0/18       AC:  6    Str: 13    XL:     2   Next: 10%
Magic:  5/5        EV:  6    Int: 12    God:
Gold:   18         SH:  8    Dex: 14    Spells: 3/3 levels left

rFire    . . .     SeeInvis .   a - +0 trident
rCold    . . .     Faith    .   c - +0 kite shield
rNeg     . . .     Spirit   .   b - +0 scale mail
rPois    .         Reflect  .   (no helmet)
rElec    .         Harm     .   (no cloak)
rCorr    .         Rampage  .   (no gloves)
Will     .....                  (no boots)
Stlth    ..........             (no amulet)
HPRegen  0.06/turn              (no ring)
MPRegen  0.09/turn              (no ring)

@: no status effects
A: no striking features
a: no special abilities


You were on level 1 of the Dungeon.
You visited 1 branch of the dungeon, and saw 1 of its levels.

You collected 18 gold pieces.

Inventory:

Hand Weapons
 a - a +0 trident (weapon)
Armour
 b - a +0 scale mail (worn)
 c - a +0 kite shield (worn)
Potions
 d - a potion of might


   Skills:
 - Level 2.4 Fighting
 - Level 1.3 Polearms
 - Level 2.4 Armour
 * Level 1.0 Dodging
 + Level 2.6 Shields
 * Level 1.1 Spellcasting


You had 3 spell levels left.
You didn't know any spells.
Your spell library was empty.

Dungeon Overview and Level Annotations

Branches:
Dungeon (1/15)

Altars:


Message History

The kobold is moderately wounded.
The kobold hits you but does no damage.
You closely miss the kobold.
The kobold is moderately wounded.
The kobold hits you with a +0 short sword. x2
You completely miss the kobold.
The kobold is moderately wounded.
The kobold hits you with a +0 short sword.
You are too injured to fight recklessly!
You are too injured to fight recklessly!
You are too injured to fight recklessly!
You are too injured to fight recklessly!
You are too injured to fight recklessly!
You are too injured to fight recklessly!
You are too injured to fight recklessly!
You are too injured to fight recklessly!
You are too injured to fight recklessly!
You are too injured to fight recklessly!
You are too injured to fight recklessly!
You are too injured to fight recklessly!
A kobold is nearby!
A kobold is nearby!
You closely miss the kobold.
The kobold is moderately wounded.
The kobold barely misses you.
The kobold hits you with a +0 short sword.
You closely miss the kobold.
The kobold is moderately wounded.
You block the kobold's attack.
You closely miss the kobold.
The kobold is moderately wounded.
The kobold hits you but does no damage. You block the kobold's attack.
You miss the kobold.
The kobold is moderately wounded.
The kobold hits you with a +0 short sword.
* * * LOW HITPOINT WARNING * * *
You hit the kobold but do no damage.
The kobold is moderately wounded.
The kobold hits you with a +0 short sword.
You die...

..#. ##.......## ....
#.........### ...
+.......).'.. #####..
#.........### .....
###.......## #..##
#.###.)...##
#.###.#.###.# ##...##
#........#K# ##+##
#####.###@# #.# #.# ###
#.# #.# ##.## ####.####
##...## #.......#
####.....# #.##.##.#
##...#...#
#.##.##.###.#.#....######
#.##.....†...............
#.#####.###>#.#....######


You could see a kobold.

Vanquished Creatures
  A goblin (D:1)
  A hobgoblin (D:1)
  A kobold (D:1)
  A quokka (D:1)
  3 ball pythons (D:1)
  3 rats (D:1)
10 creatures vanquished.

Notes
Turn   | Place    | Note
-------+----------+-------------------------------------------
     0 | D:1      | zeram the Deep Elf Fighter began the quest for the Orb.
     0 | D:1      | Reached XP level 1. HP: 13/13 MP: 3/3
   372 | D:1      | Found a faded altar of an unknown god.
   658 | D:1      | Reached skill level 1 in Spellcasting
   660 | D:1      | Reached skill level 1 in Dodging
   660 | D:1      | Reached XP level 2. HP: 14/18 MP: 5/5
   923 | D:1      | Slain by a kobold

Illustrated notes

Levels and vault maps discovered:
D:1:      dpeg_arrival_shrine, layout_loops_corners,
          shapermc_ecumenical_altar_hornbeckon

Skill      XL: |  1 |
---------------+----+-----
Spellcasting   | 1 |  1.1
Dodging        | 1 |  1.0
Fighting       | |  2.4
Polearms       | |  1.3
Armour         | |  2.4
Shields        | |  2.6

Action                   || total
-------------------------++-------
Melee: Trident           ||    45
Armor: Scale mail        ||    15
Dodge: Dodged            ||     7
Block: Kite shield       ||    16
